 Dungeon Crawl Stone Soup version 0.26.0-15-gc6cd9f700b (webtiles) character file.

Game seed: 7950584380594290101

186 flappity the Chopper (level 5, -5/37 HPs)
             Began as an Octopode Berserker on Jan 15, 2021.
             Was a Believer of Trog.
             Killed from afar by an orc wizard (11 damage)
             ... with a puff of flame
             ... on level 4 of the Dungeon.
             The game lasted 00:10:08 (3986 turns).

flappity the Chopper (Octopode Berserker)           Turns: 3986, Time: 00:10:08

Health: -5/37      AC:  1    Str: 16    XL:     5   Next: 65%
Magic:  5/5        EV: 19    Int:  9    God:    Trog [**....]
Gold:   171        SH:  0    Dex: 13    Spells: 4/4 levels left

rFire    . . .     SeeInvis .   a - +0 broad axe
rCold    . . .     Faith    .   (no shield)
rNeg     . . .     Spirit   .   (helmet restricted)
rPois    .         Reflect  .   (no amulet)
rElec    .         Harm     .   f - +4 ring of evasion
rCorr    .         Rampage  .   (no ring)
Will     .....                  (no ring)
Stlth    ++........             (no ring)
HPRegen  0.12/turn              (no ring)
MPRegen  0.09/turn              (no ring)
                                (no ring)
                                (no ring)

@: no status effects
A: almost no armour, stealthy swim, amphibious, 8 rings, constrict 8, camouflage
1, gelatinous body 1
a: Renounce Religion, Berserk, Trog's Hand


You were on level 4 of the Dungeon.
You worshipped Trog.
Trog was pleased with you.
You visited 1 branch of the dungeon, and saw 4 of its levels.

You collected 171 gold pieces.


Innate Abilities, Weirdness & Mutations

You cannot wear most types of armour.
You are very stealthy in the water. (Stealth+)
You are amphibious.
You can wear up to eight rings at the same time.
You can use your tentacles to constrict eight enemies at once.
Your skin changes colour to match your surroundings (Stealth+).
Your rubbery body absorbs attacks. (AC +1, EV +1)


   Skills:
 + Level 4.1 Fighting
 * Level 4.5 Axes
 + Level 4.1 Dodging


You had 4 spell levels left.
You didn't know any spells.
Your spell library was empty.

Inventory:

Hand Weapons
 a - a +0 broad axe (weapon)
Jewellery
 f - a +4 ring of evasion (left tentacle)
Scrolls
 c - 2 scrolls of identify
 d - a scroll of magic mapping {unknown}
 e - 5 scrolls of remove curse
 h - 2 scrolls of teleportation {unknown}
 i - a scroll of amnesia {unknown}
Potions
 g - 2 potions of lignification
 j - a potion of haste


Message History

An orc wizard comes into view. It is wielding a +0 dagger.
The gnoll closely misses you.
You hit the gnoll but do no damage. You grab the gnoll.
You squeeze the gnoll, but do no damage.
You constrict the gnoll. The gnoll closely misses you.
The adder hisses angrily.
You slash the gnoll! You squeeze the gnoll.
You kill the gnoll!
Trog accepts your kill.
A gnoll comes into view. It is wielding a +0 halberd.
The orc wizard hits you with a cursed +0 dagger.
You take 3 damage.
You barely miss the orc wizard.
The gnoll shouts!
You squeeze the orc wizard!
The orc wizard is heavily wounded.
You slash the adder!
You hear a shout!
The adder closely misses you.
A gnoll comes into view.
The orc wizard completely misses you. The gnoll barely misses you.
The adder misses you.
You hear a shout!
You miss the adder.
The adder is almost dead.
You closely miss the orc wizard. The orc wizard closely misses you.
The adder misses you.
The gnoll hits you from afar with a +0 halberd!
The orc wizard gestures at you while chanting.
You resist with some effort. The adder barely misses you.
A gnoll comes into view. It is wielding a +0 spear.
You take 16 damage.
You are too injured to fight recklessly!
You are too injured to fight recklessly!
You are too injured to fight recklessly!
You are too injured to fight recklessly!
You are too injured to fight recklessly!
You are too injured to fight recklessly!
You barely miss the adder.
The adder is almost dead.
You hit the orc wizard.
The gnoll hits you from afar with a +0 halberd!
The adder closely misses you. The orc wizard barely misses you.
You take 10 damage.
You closely miss the orc wizard.
The orc wizard is almost dead.
You closely miss the adder. The adder bites you. The gnoll barely misses you.
The orc wizard casts a spell at you. The puff of flame hits you!
You die...

∙▒▒∙∙∙∙∙∙▒▒▒∙▒▒∙∙∙∙∙∙∙∙∙
∙∙∙$∙∙∙∙▒∙∙∙∙∙∙∙∙∙∙▒▒▒▒▒
▒∙∙∙∙∙∙▒▒▒▒▒▒▒▒▒▒▒
▒∙∙∙∙∙▒▒▒ ▒▒▒∙▒∙▒∙▒
▒∙▒▒▒∙▒∙▒∙▒ ∙∙∙∙∙∙∙∙∙∙▒
∙∙∙∙▒▒▒S▒∙▒ ▒∙ ▒x▒∙▒ ▒o▒
▒ ▒g▒


∙gg ▒▒▒ You could see an orc wizard, 3 gnolls and an adder.

Vanquished Creatures
  An orc priest (D:3)
  Terence (D:2)
  An orc wizard (D:2)
  A gnoll (D:4)
  2 adders
  A dart slug (D:1)
  3 leopard geckos
  8 orcs
  5 giant cockroaches
  7 goblins
  8 hobgoblins
  5 jackals
  A quokka (D:3)
  A ball python (D:2)
  8 bats
  A frilled lizard (D:2)
  5 kobolds
  11 rats
70 creatures vanquished.

Notes
Turn   | Place    | Note
-------+----------+-------------------------------------------
     0 | D:1      | flappity the Octopode Berserker began the quest for the
                  | Orb.
     0 | D:1      | Reached XP level 1. HP: 16/16 MP: 1/1
   366 | D:1      | Reached XP level 2. HP: 21/21 MP: 2/2
  1097 | D:2      | Found a blossoming altar of Fedhas.
  1167 | D:2      | Found a faded altar of an unknown god.
  1183 | D:2      | Found a broken altar of Ashenzari.
  1216 | D:2      | Reached XP level 3. HP: 26/26 MP: 3/3
  1225 | D:2      | Noticed Terence
  1228 | D:2      | Killed Terence
  1236 | D:2      | Reached ** piety under Trog
  1527 | D:2      | Reached XP level 4. HP: 32/32 MP: 4/4
  1931 | D:3      | Noticed an orc warrior
  2115 | D:3      | Reached skill level 4 in Axes
  2123 | D:2      | Reached XP level 5. HP: 14/37 MP: 5/5
  2782 | D:3      | Reached skill level 4 in Fighting
  2782 | D:3      | Reached skill level 4 in Dodging
  2888 | D:3      | Noticed a moth of wrath
  2925 | D:3      | Found a hide-covered altar of Uskayaw.
  3226 | D:3      | Found a bloodstained altar of Trog.
  3544 | D:3      | HP: 12/55 [orc warrior/+0 trident (6)]
  3985 | D:4      | HP: 8/37 [gnoll/+0 halberd (10)]
  3986 | D:4      | Killed from afar by an orc wizard

Levels and vault maps discovered:
D:1:      dpeg_arrival_signposts, layout_basic, minmay_small_reverse_x
D:2:      layout_loops_ring, nicolae_overflow_hidden_temple,
          fedhas_ov_isle_minmay, chequers_ecumenical_altar_simple,
          minmay_misc_feat_iff, uniq_terence
D:3:      layout_rooms, lemuel_round_altar, tgw_sif, tgw_trog, uniq_sigmund
D:4:      layout_loops_ring, lemuel_round_altar, uniq_crazy_yiuf_cottage,
          uniq_natasha, uniq_eustachio, uniq_grinder

Action                   |  1- 3 |  4- 6 || total
-------------------------+-------+-------++-------
Melee: Hand axe          |    48 |    18 ||    66
       Tentacles         |    11 |    20 ||    31
       Constrict         |    11 |    27 ||    38
       Broad axe         |       |    61 ||    61
Throw: Stone             |       |     3 ||     3
Evoke: Wand              |       |     3 ||     3
  Use: Scroll            |     1 |     3 ||     4
       Potion            |       |     4 ||     4
 Stab: Sleeping          |     4 |     4 ||     8
Armor: Skin              |     9 |    26 ||    35
Dodge: Dodged            |    33 |   132 ||   165
